 Dungeon Crawl Stone Soup version 0.29.0-13-gc9e81de378 (webtiles) character file.

Game seed: 8280067939599406275

11250 Iusername the Carver (level 11, -4/97 HPs)
             Began as a Minotaur Fighter on Sept 8, 2022.
             Was an Elder of the Shining One.
             Slain by Sonja
             ... wielding a +2 short sword of distortion
              (6 damage)
             ... on level 10 of the Dungeon.
             The game lasted 00:31:18 (13040 turns).

Iusername the Carver (Minotaur Fighter)            Turns: 13040, Time: 00:31:21

Health: -4/97      AC: 22    Str: 26 (28) XL:     11   Next: 46%
Magic:  10/10      EV:  8    Int:  4 (7)  God:    the Shining One [****..]
Gold:   684        SH:  6    Dex: 14 (15) Spells: 10/10 levels left

rFire   + . .      SeeInvis +   s - +4 long sword (freeze)
rCold   + . .      Faith    .   c - +0 buckler
rNeg    + + .      Spirit   .   f - +3 plate armour
rPois   .          Reflect  .   y - +0 hat {SInv}
rElec   .          Harm     .   g - +0 cloak
rCorr   .          Rampage  .   e - +1 pair of gloves
Will    .....                   (no boots)
Stlth   ..........              k - amulet of regeneration
HPRegen 1.06/turn               l - ring of Lugonu's Regard {rF+ rC+ Dex+4 Stlth+}
MPRegen 0.12/turn               z - +6 ring of strength

@: mighty, brilliant, lethally poisoned (-4 -> -5), flying, slowed, glowing,
very slow
A: horns 2, retaliatory headbutt
a: Renounce Religion, Divine Shield, Cleansing Flame


You were on level 10 of the Dungeon.
You worshipped the Shining One.
The Shining One was greatly pleased with you.
You visited 1 branch of the dungeon, and saw 10 of its levels.

You collected 684 gold pieces.

Inventory:

Hand Weapons
 s - a +4 long sword of freezing (weapon)
Missiles
 o - 11 boomerangs (quivered)
 v - 2 throwing nets
Armour
 c - a +0 buckler (worn)
 e - a +1 pair of gloves (worn)
 f - a +3 plate armour (worn)
 g - a +0 cloak (worn)
 y - a +0 hat of see invisible (worn)
Jewellery
 k - an amulet of regeneration (around neck)
 l - the ring of Lugonu's Regard (left hand) {rF+ rC+ Dex+4 Stlth+}
   (You found it on level 2 of the Dungeon)

   [ring of protection from cold]

   Dex:       It affects your dexterity (+4).
   rF:        It protects you from fire.
   rC:        It protects you from cold.
   Stlth:     It makes you more stealthy.
 w - an amulet of guardian spirit
 z - a +6 ring of strength (right hand)
Wands
 b - a wand of roots (9)
 d - a wand of quicksilver (20)
 j - a wand of charming (7)
Scrolls
 i - a scroll of silence
 n - 2 scrolls of fear
 p - a scroll of magic mapping
 q - 3 scrolls of blinking
 t - a scroll of immolation {unknown}
 C - 5 scrolls of teleportation
 G - 3 scrolls of poison
Potions
 a - 4 potions of degeneration
 h - 2 potions of ambrosia
 m - a potion of mutation {unknown}
 r - a potion of haste {unknown}
 x - 2 potions of brilliance
 B - a potion of berserk rage {unknown}
 D - a potion of flight
 E - a potion of magic {unknown}


   Skills:
 + Level 9.3 Fighting
 + Level 13.7 Long Blades
 + Level 1.5 Throwing
 + Level 12.1 Armour
 + Level 2.2 Dodging
 + Level 0.7 Stealth
 + Level 9.4 Shields
 + Level 0.2 Unarmed Combat


You had 10 spell levels left.
You didn't know any spells.
Your spell library contained the following spells:

 Spells                   Type           Power      Damage    Failure   Level
 Beastly Appendage        Tmut           0%         N/A       99%         1
 Foxfire                  Conj/Fire      0%         2x1d4     99%         1
 Summon Small Mammal      Summ           0%         N/A       99%         1
 Blink                    Tloc           0%         N/A       100%        2
 Ensorcelled Hibernation  Hex/Ice        0%         N/A       100%        2
 Passwall                 Tmut/Erth      0%         N/A       100%        2
 Wereblood                Tmut           0%         N/A       100%        2
 Call Canine Familiar     Summ           0%         N/A       100%        3
 Conjure Flame            Conj/Fire      0%         6-21      100%        3
 Inner Flame              Hex/Fire       0%         N/A       100%        3
 Lesser Beckoning         Tloc           0%         N/A       100%        3
 Spider Form              Tmut/Pois      0%         N/A       100%        3
 Summon Guardian Golem    Hex/Summ       0%         N/A       100%        3
 Swiftness                Air            0%         N/A       100%        3
 Flame Wave               Conj/Fire      0%         2d4       100%        4
 Manifold Assault         Tloc           0%         N/A       100%        5


Dungeon Overview and Level Annotations

Branches:
Dungeon (10/15)            Temple (0/1) D:6            Lair (0/5) D:10
    Orc: D:9-12

Altars:
Cheibriados
Makhleb
Nemelex Xobeh
The Shining One

Shops:
D:4 ?   D:8 [=

Annotations:
D:10 Sonja


Innate Abilities, Weirdness & Mutations

You have a pair of horns on your head.
You reflexively headbutt those who attack you in melee.


Message History

Sonja mumbles some strange words.
Sonja blinks!
Sonja throws a curare-tipped dart.
The curare-tipped dart hits you.
You are more poisoned.
You have difficulty breathing.
* * * LOW HITPOINT WARNING * * *
You feel as though you will be slow longer.
You feel better.
Sonja casts a spell.
Sonja blinks!
It was a potion of brilliance.
You feel clever all of a sudden.
You feel very mighty all of a sudden.
Sonja throws a curare-tipped dart.
The curare-tipped dart barely misses you.
Sonja throws a curare-tipped dart.
The curare-tipped dart hits you.
You are poisoned.
You have difficulty breathing.
* * * LOW HITPOINT WARNING * * *
You feel as though you will be slow longer.
You feel very buoyant.
You fly up into the air.
You feel very sick.
Sonja throws a curare-tipped dart.
The curare-tipped dart misses you.
You feel very sick.
Sonja mumbles some strange words.
Sonja blinks!
You block Sonja's attack.
Sonja hits you with a +2 short sword of distortion.
* * * LOW HITPOINT WARNING * * *
Space warps horribly around you!
* * * LOW HITPOINT WARNING * * *
Sonja hits you but does no damage.
It was a potion of degeneration.
There was something very wrong with that liquid.
You feel weakened.
You feel dopey.
You feel clumsy.
You feel sick.
Sonja hits you with a +2 short sword of distortion.
* * * LOW HITPOINT WARNING * * *
Space warps horribly around you.
You die...

#.####.##.# ##P.P.......
#.##......# ##.........
#.##...<..# ###.....##
#.##.....># #'#####
#.##......# #...##
#.##......# ##.?...##
#.###.##..# ##.......#
##.........####.........
..............'.@.......
#####......####K........
##..#.## ##.......#
###### ##.....## #...##
#+##


You could see Sonja.

Vanquished Creatures
  Gastronok (D:8)
  Pikel (D:7)
  Joseph (D:7)
  Maurice (D:8)
  An unseen horror (D:10)
  Psyche (D:8)
  2 polar bears (D:9)
  12 yaks
  5 wyverns
  A vampire (D:10)
  2 unseen horror simulacra (D:9)
  A basilisk (D:10)
  2 steam dragons (D:8)
  3 water moccasins
  Duvessa (D:5)
  A sky beast (D:7)
  3 orc warriors
  4 black bears
  3 ice beasts (D:9)
  2 ogres
  2 hornet zombies (D:7)
  A centaur (D:9)
  A wolf (D:9)
  A lemure (D:7)
  2 kobold brigands (D:9)
  3 bullfrogs
  A gnoll sergeant (D:6)
  A necrophage (D:8)
  10 scorpions
  12 wights
  Dowan (D:5)
  5 killer bees (D:8)
  2 electric eels (D:9)
  A bullfrog zombie (D:7)
  A centaur zombie (D:7)
  3 jellies
  A hound (D:5)
  4 orc priests
  A gnoll bouda (D:4)
  Jessica (D:3)
  Ijyb (D:5)
  4 iguanas
  17 gnolls
  10 adders
  2 shadow imps
  4 white imps
  4 ufetubi
  5 worms
  A dart slug (D:4)
  40 orcs
  6 ball pythons
  11 bats
  10 endoplasms
  4 giant cockroaches
  A gnoll zombie (D:4)
  5 goblins
  5 hobgoblins
  7 jackals (D:1)
  2 quokkas
  2 frilled lizards
  A goblin zombie (D:4)
  13 kobolds
  5 rats
262 creatures vanquished.

Vanquished Creatures (others)
  A polar bear (D:9)
  19 fungi
  6 plants
  A withered plant (D:7)
27 creatures vanquished.

Grand Total: 289 creatures vanquished

Notes
Turn   | Place    | Note
-------+----------+-------------------------------------------
     0 | D:1      | Iusername the Minotaur Fighter began the quest for the Orb.
     0 | D:1      | Reached XP level 1. HP: 19/19 MP: 0/0
    68 | D:1      | Reached XP level 2. HP: 19/27 MP: 1/1
   406 | D:1      | Reached XP level 3. HP: 32/33 MP: 2/2
   909 | D:1      | Found a faded altar of an unknown god.
  1033 | D:2      | Identified the ring of Lugonu's Regard {rF+ rC+ Dex+4
                  | Stlth+}
  1395 | D:2      | Reached skill level 3 in Long Blades
  1759 | D:2      | Reached XP level 4. HP: 8/41 MP: 3/3
  2438 | D:3      | Noticed Jessica
  2442 | D:3      | Killed Jessica
  2542 | D:3      | Found a glowing golden altar of the Shining One.
  2571 | D:3      | Found a snail-covered altar of Cheibriados.
  2863 | D:3      | Became a worshipper of the Shining One
  3098 | D:4      | Noticed a black bear
  3101 | D:4      | Found Siudaen's Magic Scroll Shop.
  3105 | D:4      | Noticed a scorpion
  3118 | D:4      | Killed a black bear
  3119 | D:4      | Reached skill level 4 in Long Blades
  3119 | D:4      | Reached skill level 5 in Armour
  3119 | D:4      | Reached skill level 5 in Shields
  3119 | D:4      | Reached XP level 5. HP: 23/47 MP: 4/4
  3129 | D:4      | Reached XP level 6. HP: 24/53 MP: 5/5
  3433 | D:4      | Reached skill level 5 in Long Blades
  3495 | D:4      | Reached XP level 7. HP: 39/60 MP: 6/6
  4175 | D:4      | Reached skill level 5 in Fighting
  4175 | D:4      | Reached skill level 6 in Long Blades
  4175 | D:4      | Reached skill level 1 in Dodging
  4305 | D:4      | Reached * piety under the Shining One
  4786 | D:5      | Entered Level 5 of the Dungeon
  4792 | D:5      | Noticed Dowan
  4793 | D:5      | Noticed Duvessa
  4805 | D:5      | Killed Duvessa
  4806 | D:5      | Reached skill level 7 in Long Blades
  4806 | D:5      | Reached XP level 8. HP: 43/68 MP: 7/7
  4817 | D:5      | Killed Dowan
  5380 | D:5      | Noticed Ijyb
  5402 | D:5      | Killed Ijyb
  5505 | D:5      | Reached skill level 8 in Long Blades
  7630 | D:6      | Found a staircase to the Ecumenical Temple.
  8020 | D:6      | Reached ** piety under the Shining One
  8428 | D:7      | Reached skill level 9 in Long Blades
  8428 | D:7      | Reached XP level 9. HP: 78/78 MP: 8/8
  8616 | D:7      | Noticed Pikel
  8627 | D:7      | Killed Pikel
  8809 | D:7      | Found a burning altar of Makhleb.
  8809 | D:7      | Found a sparkling altar of Nemelex Xobeh.
  8902 | D:7      | Reached skill level 10 in Long Blades
  8951 | D:7      | Noticed Joseph
  8971 | D:7      | Killed Joseph
  9500 | D:8      | Noticed Maurice
  9527 | D:8      | Killed Maurice
  9528 | D:8      | Reached skill level 11 in Long Blades
  9528 | D:8      | Reached XP level 10. HP: 86/88 MP: 9/9
  9598 | D:8      | Reached *** piety under the Shining One
  9604 | D:8      | Reached skill level 1 in Throwing
  9625 | D:8      | Reached skill level 10 in Armour
  9693 | D:8      | Found Qywu's Armour Shop.
  9712 | D:8      | Found Dutsir's Jewellery Boutique.
  9741 | D:8      | Noticed Gastronok
  9760 | D:8      | Killed Gastronok
  9761 | D:8      | Reached skill level 12 in Long Blades
 10032 | D:8      | Identified the +8 sling of Paebiy {vorpal, Dex+5}
 10380 | D:8      | Noticed Psyche
 10386 | D:8      | Killed Psyche
 10795 | D:9      | Reached XP level 11. HP: 85/95 MP: 10/10
 10905 | D:9      | Reached skill level 13 in Long Blades
 11622 | D:9      | Reached **** piety under the Shining One
 12684 | D:10     | Entered Level 10 of the Dungeon
 12740 | D:10     | Found a staircase to the Lair.
 13025 | D:10     | Noticed Sonja
 13039 | D:10     | HP: 4/97 [Sonja/+2 short sword of distortion (15)]
 13040 | D:10     | Slain by Sonja

Illustrated notes

Levels and vault maps discovered:
D:1:      dpeg_arrival_subterranean_lakeside_camping, layout_basic,
          shapermc_ecumenical_altar_hornbeckon, dreamdust_wishing_well
D:2:      layout_rooms
D:3:      layout_basic, mainiacjoe_overflow_big_doors, uniq_jessica
D:4:      old_forge, layout_cave_pools, enter_ossuary_3, serial_shops,
          nicolae_shop_trees
D:5:      layout_basic, cheibrodos_sewer_entry_bend, fountainhead, uniq_duvessa,
          uniq_ijyb
D:6:      layout_basic, minmay_temple_entry_stoned_glass
D:7:      layout_cave_pools, minitemple, serial_undead, serial_undead_e,
          serial_undead_b, serial_undead_f, serial_undead_e, uniq_pikel,
          uniq_joseph
D:8:      layout_gridville, serial_shops, kennysheep_mini_moat, shop_coins,
          uniq_psyche, uniq_maurice, uniq_gastronok
D:9:      layout_loops_ring, serial_ice, serial_ice_d, serial_ice_f,
          serial_ice_l, serial_ice_o, special_room [special_room_orc],
          minmay_misc_feat_roman, chequers_big_river, grunt_ogre_cave
D:10:     layout_loops_corners, mainiacjoe_overflow_alcove_4,
          minmay_lair_entry_grove, uniq_sonja

Skill      XL: |  1  2  3  4  5  6  7  8  9 10 11 |
---------------+----------------------------------+-----
Fighting       | 4 5 6 7 8 9 |  9.3
Armour         | 4 5 6 7 8 9 11 12 | 12.1
Shields        | 4 5 6 7 9 |  9.4
Long Blades    | 3 4 5 7 9 11 12 13 | 13.7
Dodging        | 1 2 |  2.2
Throwing       | 1 |  1.5
Stealth        | |  0.7
Unarmed Combat | |  0.2

Action                   |  1- 3 |  4- 6 |  7- 9 | 10-12 || total
-------------------------+-------+-------+-------+-------++-------
Melee: Long sword        |    98 |    58 |   392 |   260 ||   808
       Headbutt          |    13 |    13 |    94 |    63 ||   183
       Unarmed           |       |       |       |     3 ||     3
Throw: Boomerang         |       |     5 |     4 |     4 ||    13
  Use: Scroll            |       |     7 |     9 |     4 ||    20
       Potion            |       |     4 |     4 |    11 ||    19
Armor: Scale mail        |    21 |       |       |       ||    21
       Plate armour      |    67 |    83 |   309 |   187 ||   646
Dodge: Dodged            |    44 |    41 |   118 |   100 ||   303
Block: Buckler           |    26 |    31 |   141 |    88 ||   286
